[ AOE2 MATCH · #487220112 ]
UnrankedMongols vs Vietnamese
[ REPLAY ANALYSIS · EXTRACTED FROM THE RECORDED GAME ]
Feudal
13:12
Castle
16:43
Imperial
48:38
| APM avg | 61.5 |
| APM peak | 139 |
| eAPM avg | 31.8 |
| Villagers / military | 312 / 376 |
Focus
⚔️ 37.6% · 🌾 62.4%
Scout Cavalry ×300 · Mangonel ×45 · Mangudai ×31 · Fishing Ship ×5
Feudal
13:03
Castle
18:59
Imperial
51:19
| APM avg | 40.5 |
| APM peak | 120 |
| eAPM avg | 24.9 |
| Villagers / military | 365 / 391 |
Focus
⚔️ 21.6% · 🌾 78.4%
Battle Elephant ×166 · Skirmisher ×92 · Scout Cavalry ×85 · Knight ×35 · Fishing Ship ×10 · Battering Ram ×7
Feudal
12:21
Castle
22:00
Imperial
33:18
| APM avg | 70.3 |
| APM peak | 115 |
| eAPM avg | 34.1 |
| Villagers / military | 366 / 572 |
Focus
⚔️ 38.7% · 🌾 61.3%
Skirmisher ×202 · Genoese Crossbowman ×147 · Spearman ×146 · Unknown (882) ×60 · Archer ×59 · Fishing Ship ×25
Feudal
11:56
Castle
18:39
Imperial
32:23
| APM avg | 44.3 |
| APM peak | 69 |
| eAPM avg | 25.9 |
| Villagers / military | 259 / 959 |
Focus
⚔️ 30.9% · 🌾 69.1%
Spearman ×304 · Skirmisher ×270 · Elephant Archer ×226 · Scout Cavalry ×107 · Trade Cog ×31 · Monk ×20
Feudal
12:48
Castle
16:18
Imperial
34:56
| APM avg | 52.8 |
| APM peak | 161 |
| eAPM avg | 25.9 |
| Villagers / military | 282 / 497 |
Focus
⚔️ 40.8% · 🌾 59.2%
Scout Cavalry ×169 · Knight ×145 · Conquistador ×86 · Skirmisher ×77 · Spearman ×10 · Trebuchet (Packed) ×9
Feudal
13:34
Castle
17:33
Imperial
34:41
| APM avg | 46.7 |
| APM peak | 87 |
| eAPM avg | 36.0 |
| Villagers / military | 315 / 547 |
Focus
⚔️ 35.3% · 🌾 64.7%
Knight ×351 · Scout Cavalry ×185 · Trade Cart ×42 · Fishing Ship ×29 · Bombard Cannon ×6 · Trebuchet (Packed) ×4
Match map
Initial resources + every placement click. Lines = walls · curves = elevation contours. ◆ gold · ⬟ stone · ● berries · ✦ relic · ◌ wall gap
Your base· Open — unwalled flank
HR | RYGE's base· Open — unwalled flank
FMG | Rxon's base· Open — 4t gap
HR itu's base· Open — 14t gap
FMG | Sawasha Takohida's base· Open — unwalled flank
HR | Nasho9's base· Open — 3t gap
Smoothed initial terrain · ◌ = detected wall gap · hover for details
Inputs per minute
— FMG | GreatMaty - - HR | RYGE
Build order — FMG | GreatMaty
First 150 of 990 actions detected
| 0:50 | Build | Town Center |
| 1:57 | Build | Dock |
| 2:23 | Build | House |
| 3:04 | Create | Villager (Male) |
| 3:05 | Create | Villager (Male) |
| 3:11 | Create | Villager (Male) |
| 3:11 | Create | Villager (Male) |
| 3:12 | Create | Villager (Male) |
| 3:34 | Build | House |
| 4:08 | Create | Villager (Male) |
| 4:30 | Create | Villager (Male) |
| 5:02 | Create | Villager (Male) |
| 5:08 | Build | House |
| 5:34 | Create | Villager (Male) |
| 5:44 | Build | House |
| 5:52 | Create | Fishing Ship |
| 5:55 | Build | Palisade Wall |
| 6:04 | Create | Villager (Male) |
| 6:13 | Build | House |
| 6:32 | Build | House |
| 6:38 | Create | Villager (Male) |
| 6:41 | Create | Fishing Ship |
| 6:58 | Create | Villager (Male) |
| 7:07 | Build | House |
| 7:14 | Create | Villager (Male) |
| 7:36 | Create | Fishing Ship |
| 7:52 | Create | Villager (Male) |
| 8:08 | Create | Villager (Male) |
| 8:12 | Create | Fishing Ship |
| 8:36 | Build | House |
| 8:41 | Create | Villager (Male) |
| 8:46 | Build | House |
| 8:56 | Build | House |
| 8:57 | Create | Fishing Ship |
| 9:03 | Build | House |
| 9:12 | Build | House |
| 9:15 | Create | Villager (Male) |
| 9:37 | Create | Villager (Male) |
| 9:55 | Build | Mining Camp |
| 10:03 | Create | Villager (Male) |
| 10:18 | Build | House |
| 10:33 | Build | House |
| 10:37 | Create | Villager (Male) |
| 11:01 | Research | Feudal Age |
| 11:13 | Build | Mill |
| 11:23 | Build | Outpost |
| 11:40 | Build | Outpost |
| 12:07 | Research | Loom |
| 12:07 | Create | Villager (Male) |
| 13:12 | Age | Feudal Age |
| 13:12 | Build | Blacksmith |
| 13:17 | Build | Market |
| 13:49 | Build | Palisade Wall |
| 13:51 | Build | Palisade Wall |
| 13:51 | Build | Palisade Wall |
| 14:03 | Research | Castle Age |
| 14:26 | Build | Mining Camp |
| 14:54 | Create | Villager (Male) |
| 15:10 | Build | House |
| 15:46 | Build | House |
| 15:52 | Build | Lumber Camp |
| 16:13 | Create | Villager (Male) |
| 16:26 | Research | Fletching |
| 16:43 | Age | Castle Age |
| 17:07 | Build | Palisade Wall |
| 17:24 | Build | Castle |
| 17:27 | Create | Villager (Male) |
| 17:37 | Create | Villager (Male) |
| 17:57 | Research | Double-Bit Axe |
| 18:14 | Create | Villager (Male) |
| 18:27 | Create | Mangudai |
| 18:27 | Create | Mangudai |
| 18:33 | Create | Villager (Male) |
| 18:39 | Build | Farm |
| 18:39 | Build | Farm |
| 18:39 | Build | Farm |
| 18:39 | Build | Farm |
| 18:40 | Build | Farm |
| 18:40 | Build | Farm |
| 18:44 | Research | Bodkin Arrow |
| 18:44 | Research | Bodkin Arrow |
| 18:55 | Create | Villager (Male) |
| 18:56 | Create | Mangudai |
| 19:15 | Create | Villager (Male) |
| 19:22 | Create | Mangudai |
| 19:47 | Create | Mangudai |
| 20:00 | Create | Villager (Male) |
| 20:07 | Research | Bodkin Arrow |
| 20:07 | Research | Bodkin Arrow |
| 20:08 | Create | Villager (Male) |
| 20:21 | Create | Mangudai |
| 20:36 | Create | Villager (Male) |
| 20:47 | Create | Mangudai |
| 20:47 | Create | Mangudai |
| 21:17 | Create | Villager (Male) |
| 21:17 | Create | Villager (Male) |
| 21:21 | Create | Mangudai |
| 21:21 | Create | Mangudai |
| 21:47 | Create | Villager (Male) |
| 22:06 | Build | Town Center |
| 22:09 | Create | Villager (Male) |
| 22:33 | Create | Villager (Male) |
| 22:39 | Create | Villager (Male) |
| 22:40 | Create | Mangudai |
| 22:55 | Create | Villager (Male) |
| 23:13 | Create | Villager (Male) |
| 23:15 | Create | Mangudai |
| 23:15 | Create | Mangudai |
| 23:20 | Build | Farm |
| 23:21 | Build | Farm |
| 23:21 | Build | Farm |
| 23:21 | Build | Farm |
| 23:21 | Build | Farm |
| 23:22 | Build | Farm |
| 23:30 | Create | Villager (Male) |
| 23:39 | Create | Mangudai |
| 23:40 | Create | Villager (Male) |
| 23:57 | Create | Villager (Male) |
| 23:58 | Create | Mangudai |
| 24:06 | Create | Villager (Male) |
| 24:31 | Create | Mangudai |
| 24:32 | Create | Villager (Male) |
| 24:32 | Create | Villager (Male) |
| 24:32 | Create | Villager (Male) |
| 24:46 | Build | Farm |
| 24:46 | Build | Farm |
| 24:46 | Build | Farm |
| 24:58 | Create | Villager (Male) |
| 24:59 | Create | Mangudai |
| 25:33 | Create | Villager (Male) |
| 25:34 | Create | Mangudai |
| 25:36 | Research | Bow Saw |
| 25:58 | Create | Villager (Male) |
| 26:01 | Create | Villager (Male) |
| 26:03 | Create | Mangudai |
| 26:12 | Create | Villager (Male) |
| 26:14 | Build | Farm |
| 26:15 | Build | Farm |
| 26:41 | Create | Villager (Male) |
| 26:44 | Create | Mangudai |
| 26:45 | Build | Siege Workshop |
| 26:56 | Create | Villager (Male) |
| 26:59 | Create | Mangudai |
| 27:06 | Create | Villager (Male) |
| 27:15 | Create | Villager (Male) |
| 27:15 | Create | Villager (Male) |
| 27:15 | Create | Villager (Male) |
| 27:21 | Create | Mangudai |
| 27:51 | Create | Mangonel |
| 28:21 | Create | Villager (Male) |
Build order — HR | RYGE
First 150 of 803 actions detected
| 0:25 | Build | Town Center |
| 1:06 | Build | Dock |
| 1:08 | Build | House |
| 1:39 | Build | Palisade Wall |
| 1:40 | Build | Palisade Wall |
| 2:36 | Create | Villager (Male) |
| 2:36 | Create | Villager (Male) |
| 2:37 | Create | Villager (Male) |
| 2:37 | Create | Villager (Male) |
| 3:59 | Create | Fishing Ship |
| 4:13 | Create | Villager (Male) |
| 4:39 | Build | House |
| 4:45 | Create | Villager (Male) |
| 5:15 | Research | Loom |
| 5:22 | Create | Villager (Male) |
| 5:32 | Create | Fishing Ship |
| 5:41 | Research | Loom |
| 5:58 | Create | Villager (Male) |
| 6:11 | Create | Villager (Male) |
| 6:39 | Create | Fishing Ship |
| 6:41 | Build | House |
| 6:43 | Create | Villager (Male) |
| 7:08 | Build | House |
| 7:23 | Create | Villager (Male) |
| 7:26 | Create | Fishing Ship |
| 7:43 | Create | Villager (Male) |
| 7:43 | Create | Villager (Male) |
| 7:45 | Create | Villager (Male) |
| 7:58 | Build | House |
| 8:02 | Create | Villager (Male) |
| 8:34 | Create | Villager (Male) |
| 8:35 | Create | Fishing Ship |
| 8:49 | Create | Villager (Male) |
| 8:49 | Create | Villager (Male) |
| 9:25 | Build | Mill |
| 10:12 | Build | Mining Camp |
| 10:34 | Research | Feudal Age |
| 11:09 | Create | Fishing Ship |
| 11:12 | Build | House |
| 12:18 | Build | Barracks |
| 12:25 | Build | House |
| 13:03 | Age | Feudal Age |
| 13:32 | Build | Market |
| 13:42 | Create | Villager (Male) |
| 13:43 | Create | Villager (Male) |
| 14:13 | Create | Villager (Male) |
| 14:13 | Create | Villager (Male) |
| 15:23 | Build | Stable |
| 15:32 | Build | Blacksmith |
| 15:33 | Create | Villager (Male) |
| 16:04 | Build | Lumber Camp |
| 16:17 | Create | Villager (Male) |
| 16:20 | Research | Castle Age |
| 16:35 | Build | Lumber Camp |
| 16:37 | Research | Bloodlines |
| 16:39 | Research | Scale Barding Armor |
| 16:43 | Build | House |
| 17:12 | Build | Palisade Wall |
| 17:34 | Build | Stable |
| 17:48 | Build | House |
| 17:52 | Research | Double-Bit Axe |
| 17:57 | Build | Palisade Wall |
| 18:07 | Research | Gold Mining |
| 18:21 | Build | Palisade Gate |
| 18:31 | Build | House |
| 18:45 | Create | Villager (Male) |
| 18:59 | Age | Castle Age |
| 19:02 | Build | Palisade Wall |
| 19:08 | Create | Knight ×4 |
| 19:09 | Create | Villager (Male) |
| 19:39 | Build | Town Center |
| 19:41 | Create | Villager (Male) |
| 19:46 | Create | Knight |
| 19:57 | Create | Villager (Male) |
| 20:10 | Create | Knight |
| 20:17 | Create | Fishing Ship |
| 20:46 | Create | Villager (Male) |
| 20:50 | Research | Chain Barding Armor |
| 20:57 | Create | Villager (Male) |
| 21:27 | Create | Villager (Male) |
| 21:28 | Create | Villager (Male) |
| 21:28 | Create | Villager (Male) |
| 21:51 | Create | Villager (Male) |
| 21:51 | Create | Villager (Male) |
| 22:01 | Create | Villager (Male) |
| 22:37 | Create | Villager (Male) |
| 22:38 | Create | Villager (Male) |
| 22:43 | Build | Town Center |
| 23:16 | Build | Farm |
| 23:16 | Build | Farm |
| 23:16 | Build | Farm |
| 23:17 | Build | Farm |
| 23:52 | Create | Villager (Male) |
| 24:08 | Create | Villager (Male) |
| 24:08 | Create | Villager (Male) |
| 24:08 | Create | Villager (Male) |
| 24:29 | Create | Villager (Male) |
| 24:39 | Build | Farm |
| 24:39 | Build | Farm |
| 24:39 | Build | Farm |
| 24:39 | Build | Farm |
| 24:40 | Build | Farm |
| 24:40 | Build | Farm |
| 24:40 | Build | Farm |
| 24:45 | Research | Horse Collar |
| 24:58 | Create | Villager (Male) |
| 25:10 | Build | Mining Camp |
| 25:19 | Create | Knight |
| 25:32 | Create | Villager (Male) |
| 25:42 | Create | Knight |
| 25:54 | Create | Fishing Ship |
| 25:55 | Create | Fishing Ship |
| 26:02 | Build | Dock |
| 26:08 | Create | Knight |
| 26:09 | Create | Villager (Male) |
| 26:13 | Build | Farm |
| 26:14 | Build | Farm |
| 26:14 | Build | Farm |
| 26:17 | Create | Villager (Male) |
| 26:34 | Create | Fishing Ship |
| 26:36 | Create | Villager (Male) |
| 26:50 | Create | Knight |
| 26:57 | Build | House |
| 26:59 | Build | House |
| 27:02 | Build | Palisade Wall |
| 27:12 | Build | House |
| 27:13 | Build | House |
| 27:13 | Build | House |
| 27:14 | Build | House |
| 27:15 | Create | Villager (Male) |
| 27:16 | Create | Villager (Male) |
| 27:16 | Create | Villager (Male) |
| 27:20 | Build | Palisade Wall |
| 27:32 | Create | Knight ×3 |
| 27:46 | Build | Stone Wall |
| 27:54 | Create | Knight ×2 |
| 28:08 | Create | Knight ×2 |
| 28:43 | Create | Villager (Male) |
| 28:43 | Create | Villager (Male) |
| 28:43 | Create | Villager (Male) |
| 28:48 | Create | Knight ×2 |
| 29:01 | Create | Knight ×2 |
| 29:09 | Create | Villager (Male) |
| 29:09 | Create | Villager (Male) |
| 29:28 | Create | Villager (Male) |
| 29:32 | Build | House |
| 29:42 | Research | Husbandry |
| 29:48 | Create | Villager (Male) |
| 29:48 | Create | Villager (Male) |
| 30:01 | Create | Villager (Male) |
Build order — FMG | Rxon
First 150 of 1054 actions detected
| 0:17 | Build | Town Center |
| 1:07 | Build | Dock |
| 2:30 | Create | Villager (Male) |
| 2:31 | Create | Villager (Male) |
| 2:31 | Create | Villager (Male) |
| 2:31 | Create | Villager (Male) |
| 2:32 | Build | House |
| 4:00 | Create | Fishing Ship |
| 4:00 | Create | Villager (Male) |
| 4:08 | Build | House |
| 4:31 | Research | Loom |
| 5:03 | Create | Villager (Male) |
| 5:04 | Create | Villager (Male) |
| 5:20 | Create | Fishing Ship |
| 5:24 | Create | Villager (Male) |
| 5:42 | Create | Villager (Male) |
| 6:03 | Build | House |
| 6:05 | Create | Villager (Male) |
| 6:33 | Create | Fishing Ship |
| 6:34 | Create | Villager (Male) |
| 6:38 | Build | House |
| 6:50 | Create | Villager (Male) |
| 7:00 | Create | Villager (Male) |
| 7:13 | Create | Fishing Ship |
| 7:39 | Create | Villager (Male) |
| 7:52 | Build | House |
| 8:16 | Create | Villager (Male) |
| 8:50 | Create | Villager (Male) |
| 8:55 | Build | Mill |
| 9:00 | Create | Fishing Ship |
| 9:01 | Create | Villager (Male) |
| 9:04 | Build | House |
| 9:43 | Create | Villager (Male) |
| 10:11 | Research | Feudal Age |
| 10:11 | Research | Feudal Age |
| 10:34 | Build | Barracks |
| 10:44 | Build | Mining Camp |
| 11:39 | Build | Palisade Wall |
| 11:41 | Build | Palisade Wall |
| 11:48 | Build | Palisade Wall |
| 11:51 | Build | Palisade Wall |
| 12:17 | Build | Palisade Wall |
| 12:19 | Build | Palisade Wall |
| 12:21 | Age | Feudal Age |
| 12:25 | Build | Palisade Wall |
| 12:27 | Build | Palisade Wall |
| 12:30 | Build | Palisade Wall |
| 12:32 | Create | Villager (Male) |
| 12:32 | Create | Villager (Male) |
| 12:33 | Build | Archery Range |
| 12:42 | Build | Dock |
| 12:46 | Build | Palisade Wall |
| 12:49 | Build | Palisade Wall |
| 12:50 | Build | Palisade Wall |
| 12:52 | Build | Palisade Wall |
| 12:57 | Create | Villager (Male) |
| 12:59 | Build | Blacksmith |
| 13:04 | Build | Mill |
| 13:17 | Create | Archer |
| 13:34 | Create | Archer |
| 13:41 | Build | House |
| 13:49 | Create | Villager (Male) |
| 13:51 | Research | Fletching |
| 14:01 | Create | Fishing Ship |
| 14:09 | Create | Villager (Male) |
| 14:10 | Create | Archer |
| 14:26 | Create | Archer |
| 14:26 | Create | Villager (Male) |
| 14:34 | Build | Lumber Camp |
| 14:45 | Build | House |
| 14:52 | Create | Archer |
| 14:54 | Create | Villager (Male) |
| 15:20 | Create | Villager (Male) |
| 15:20 | Create | Villager (Male) |
| 15:26 | Build | House |
| 15:36 | Create | Villager (Male) |
| 15:42 | Create | Fishing Ship |
| 16:11 | Create | Villager (Male) |
| 16:18 | Create | Archer |
| 16:24 | Create | Fishing Ship |
| 16:25 | Build | House |
| 16:32 | Research | Double-Bit Axe |
| 16:33 | Create | Archer |
| 16:35 | Create | Spearman |
| 16:51 | Build | Dock |
| 16:53 | Create | Fishing Ship |
| 16:54 | Create | Villager (Male) |
| 16:55 | Create | Archer |
| 17:00 | Build | Palisade Wall |
| 17:10 | Create | Archer |
| 17:19 | Build | Palisade Wall |
| 17:41 | Create | Fishing Ship |
| 17:52 | Create | Villager (Male) |
| 17:56 | Create | Spearman |
| 18:05 | Build | Palisade Wall |
| 18:07 | Build | Palisade Wall |
| 18:08 | Build | Palisade Wall |
| 18:10 | Build | House |
| 18:11 | Build | Palisade Wall |
| 18:13 | Create | Villager (Male) |
| 18:21 | Build | House |
| 18:53 | Create | Villager (Male) |
| 19:05 | Build | Lumber Camp |
| 19:11 | Create | Villager (Male) |
| 19:13 | Create | Fishing Ship |
| 19:15 | Create | Fishing Ship |
| 19:18 | Research | Castle Age |
| 19:26 | Build | Palisade Wall |
| 19:29 | Build | Palisade Wall |
| 19:32 | Build | House |
| 19:34 | Build | Palisade Wall |
| 19:42 | Build | House |
| 19:43 | Create | Villager (Male) |
| 19:46 | Build | House |
| 19:50 | Build | Palisade Wall |
| 19:52 | Build | Palisade Wall |
| 19:54 | Build | Palisade Wall |
| 20:24 | Create | Villager (Male) |
| 20:50 | Create | Villager (Male) |
| 20:53 | Create | Fishing Ship |
| 20:54 | Create | Fishing Ship |
| 21:01 | Build | Palisade Wall |
| 21:05 | Create | Villager (Male) |
| 21:09 | Create | Villager (Male) |
| 21:12 | Create | Fishing Ship |
| 21:12 | Create | Fishing Ship |
| 21:38 | Create | Villager (Male) |
| 21:44 | Build | Market |
| 21:54 | Build | Dock |
| 21:56 | Create | Fishing Ship |
| 21:56 | Create | Fishing Ship |
| 22:00 | Age | Castle Age |
| 22:05 | Build | Town Center |
| 22:07 | Research | Crossbowman (upgrade) |
| 22:10 | Research | Bodkin Arrow |
| 22:11 | Create | Villager (Male) |
| 22:18 | Create | Archer |
| 22:22 | Build | Archery Range |
| 22:26 | Build | Farm |
| 22:27 | Build | Farm |
| 22:28 | Create | Villager (Male) |
| 22:48 | Create | Villager (Male) |
| 22:49 | Create | Archer |
| 22:50 | Create | Archer |
| 22:57 | Build | Farm |
| 23:13 | Build | House |
| 23:15 | Create | Villager (Male) |
| 23:22 | Research | Bow Saw |
| 23:37 | Create | Villager (Male) |
| 23:38 | Create | Archer |
Build order — HR itu
First 150 of 882 actions detected
| 0:08 | Build | Town Center |
| 0:38 | Build | Dock |
| 0:42 | Build | House |
| 2:25 | Create | Villager (Male) ×4 |
| 3:35 | Create | Fishing Ship |
| 3:46 | Create | Villager (Male) |
| 4:20 | Build | House |
| 4:23 | Create | Villager (Male) |
| 4:46 | Create | Villager (Male) |
| 5:02 | Create | Villager (Male) |
| 5:03 | Create | Villager (Male) |
| 5:24 | Create | Fishing Ship |
| 5:29 | Create | Villager (Male) |
| 5:30 | Create | Villager (Male) |
| 5:44 | Create | Villager (Male) |
| 5:56 | Build | House |
| 6:02 | Create | Villager (Male) |
| 6:43 | Create | Villager (Male) |
| 6:47 | Create | Fishing Ship |
| 7:00 | Create | Villager (Male) |
| 7:17 | Create | Villager (Male) |
| 7:17 | Create | Villager (Male) |
| 7:20 | Create | Villager (Male) |
| 7:29 | Create | Fishing Ship |
| 7:32 | Build | House |
| 7:41 | Create | Villager (Male) |
| 8:10 | Create | Villager (Male) |
| 8:20 | Create | Fishing Ship |
| 8:56 | Build | Mining Camp |
| 9:05 | Build | House |
| 9:18 | Create | Villager (Male) |
| 9:46 | Research | Feudal Age |
| 10:31 | Create | Fishing Ship |
| 10:42 | Build | Dock |
| 10:46 | Build | House |
| 11:19 | Build | Lumber Camp |
| 11:25 | Create | Villager (Male) |
| 11:30 | Create | Fishing Ship |
| 11:56 | Age | Feudal Age |
| 11:58 | Create | Villager (Male) |
| 12:01 | Research | Double-Bit Axe |
| 12:05 | Create | Galley |
| 12:05 | Create | Galley |
| 12:26 | Build | Mill |
| 12:32 | Create | Villager (Male) |
| 12:55 | Create | Galley |
| 12:59 | Build | House |
| 13:10 | Create | Galley |
| 13:13 | Create | Villager (Male) |
| 13:19 | Research | Loom |
| 13:27 | Create | Galley |
| 13:31 | Create | Galley |
| 13:33 | Create | Villager (Male) |
| 13:36 | Build | House |
| 13:39 | Create | Villager (Male) |
| 14:05 | Build | Market |
| 14:10 | Create | Villager (Male) |
| 14:23 | Create | Galley |
| 15:20 | Create | Villager (Male) |
| 15:22 | Build | Blacksmith |
| 15:27 | Build | House |
| 15:30 | Create | Galley |
| 15:30 | Create | Galley |
| 15:33 | Create | Galley |
| 15:59 | Research | Castle Age |
| 16:30 | Build | House |
| 16:31 | Build | House |
| 16:37 | Create | Galley |
| 16:37 | Create | Galley |
| 16:40 | Research | Fletching |
| 16:43 | Research | Horse Collar |
| 17:42 | Create | Galley |
| 17:42 | Create | Galley |
| 18:39 | Age | Castle Age |
| 18:42 | Research | Bodkin Arrow |
| 18:43 | Create | Villager (Male) |
| 18:43 | Create | Villager (Male) |
| 19:00 | Research | War Galley (upgrade) |
| 19:03 | Create | Villager (Male) |
| 19:08 | Build | Town Center |
| 19:15 | Build | House |
| 19:45 | Research | Tech 906 |
| 19:45 | Research | Tech 906 |
| 19:46 | Create | Villager (Male) |
| 19:46 | Create | Villager (Male) |
| 20:12 | Research | Gillnets |
| 20:13 | Create | Fishing Ship |
| 20:14 | Create | Fishing Ship |
| 20:24 | Create | Villager (Male) |
| 20:30 | Build | Town Center |
| 20:34 | Create | Villager (Male) |
| 20:34 | Create | Villager (Male) |
| 20:45 | Research | Bow Saw |
| 20:46 | Create | Villager (Male) |
| 20:46 | Create | Villager (Male) |
| 20:55 | Build | House |
| 21:25 | Build | Dock |
| 21:42 | Create | Villager (Male) |
| 21:42 | Create | Villager (Male) |
| 21:42 | Create | Villager (Male) |
| 21:57 | Build | Barracks |
| 22:05 | Research | Wheelbarrow |
| 22:07 | Create | Villager (Male) |
| 22:07 | Create | Villager (Male) |
| 22:30 | Research | Padded Archer Armor |
| 22:38 | Build | Archery Range |
| 22:43 | Build | Farm |
| 22:44 | Build | Farm |
| 22:45 | Build | Farm |
| 22:47 | Build | Farm |
| 22:53 | Create | Villager (Male) |
| 22:54 | Create | Villager (Male) |
| 22:56 | Create | Villager (Male) |
| 23:11 | Research | Elite Skirmisher (upgrade) |
| 23:17 | Build | Archery Range |
| 23:21 | Create | Villager (Male) |
| 23:21 | Create | Villager (Male) |
| 23:26 | Research | Leather Archer Armor |
| 23:27 | Create | Villager (Male) |
| 23:28 | Create | Villager (Male) |
| 23:33 | Build | Farm |
| 23:34 | Build | Farm |
| 23:35 | Build | Farm |
| 23:39 | Build | Farm |
| 23:46 | Research | Town Watch |
| 23:53 | Build | Farm |
| 23:56 | Build | House |
| 23:56 | Build | House |
| 24:05 | Create | Skirmisher |
| 24:05 | Create | Skirmisher |
| 24:09 | Build | Farm |
| 24:11 | Build | Farm |
| 24:13 | Build | Farm |
| 24:16 | Create | Skirmisher |
| 24:16 | Create | Skirmisher |
| 24:17 | Build | Farm |
| 24:19 | Create | Villager (Male) |
| 24:19 | Create | Villager (Male) |
| 24:19 | Create | Villager (Male) |
| 24:41 | Build | University |
| 24:44 | Create | Villager (Male) ×5 |
| 24:46 | Create | Skirmisher |
| 24:47 | Create | Skirmisher |
| 24:47 | Create | Villager (Male) |
| 24:47 | Create | Villager (Male) |
| 24:50 | Build | Farm |
| 24:53 | Build | Farm |
| 25:05 | Create | Skirmisher |
| 25:06 | Create | Skirmisher |
| 25:10 | Build | Farm |
Build order — FMG | Sawasha Takohida
First 150 of 929 actions detected
| 0:27 | Build | Town Center |
| 1:21 | Build | House |
| 1:40 | Build | House |
| 1:56 | Build | Palisade Wall |
| 1:57 | Build | Palisade Wall |
| 2:42 | Create | Villager (Male) |
| 2:43 | Create | Villager (Male) |
| 2:45 | Create | Villager (Male) |
| 2:46 | Create | Villager (Male) |
| 2:59 | Build | House |
| 3:25 | Build | Dock |
| 4:08 | Create | Fishing Ship |
| 4:36 | Create | Villager (Male) |
| 5:04 | Create | Villager (Male) |
| 5:11 | Build | House |
| 5:35 | Create | Villager (Male) |
| 5:56 | Create | Villager (Male) |
| 5:57 | Create | Villager (Male) |
| 6:02 | Create | Fishing Ship |
| 6:19 | Create | Villager (Male) |
| 6:19 | Create | Villager (Male) |
| 6:56 | Create | Villager (Male) |
| 6:57 | Create | Fishing Ship |
| 7:06 | Build | House |
| 7:21 | Create | Villager (Male) |
| 7:42 | Create | Fishing Ship |
| 7:43 | Create | Villager (Male) |
| 7:45 | Build | House |
| 8:14 | Create | Villager (Male) |
| 8:15 | Create | Villager (Male) |
| 8:19 | Build | House |
| 8:35 | Create | Villager (Male) |
| 8:56 | Create | Fishing Ship |
| 8:59 | Create | Villager (Male) |
| 9:13 | Create | Villager (Male) |
| 9:54 | Create | Villager (Male) |
| 9:57 | Build | Mill |
| 10:21 | Build | House |
| 10:28 | Create | Villager (Male) |
| 10:38 | Research | Feudal Age |
| 10:42 | Build | House |
| 10:56 | Build | House |
| 11:53 | Build | House |
| 12:34 | Create | Villager (Male) |
| 12:35 | Create | Villager (Male) |
| 12:48 | Age | Feudal Age |
| 12:52 | Build | Market |
| 12:54 | Build | Blacksmith |
| 13:29 | Research | Castle Age |
| 13:29 | Research | Castle Age |
| 13:53 | Build | Mining Camp |
| 14:57 | Build | Lumber Camp |
| 15:34 | Build | House |
| 16:01 | Research | Loom |
| 16:18 | Age | Castle Age |
| 16:26 | Create | Villager (Male) |
| 16:53 | Research | Double-Bit Axe |
| 16:54 | Create | Villager (Male) |
| 17:18 | Build | Castle |
| 17:23 | Create | Villager (Male) |
| 18:04 | Create | Villager (Male) |
| 18:16 | Create | Villager (Male) |
| 18:19 | Create | Conquistador |
| 18:20 | Create | Conquistador |
| 18:50 | Build | Town Center |
| 18:54 | Create | Villager (Male) |
| 19:00 | Create | Villager (Male) |
| 19:12 | Create | Conquistador |
| 19:34 | Create | Conquistador |
| 19:41 | Create | Villager (Male) |
| 19:52 | Create | Villager (Male) |
| 19:57 | Build | Monastery |
| 20:04 | Create | Villager (Male) |
| 20:08 | Create | Conquistador |
| 20:20 | Create | Villager (Male) |
| 20:29 | Research | Horse Collar |
| 20:38 | Create | Conquistador |
| 20:47 | Build | House |
| 20:52 | Create | Villager (Male) |
| 21:12 | Create | Villager (Male) |
| 21:19 | Build | House |
| 21:21 | Create | Monk |
| 21:29 | Create | Villager (Male) |
| 21:33 | Create | Conquistador |
| 21:36 | Create | Villager (Male) |
| 21:53 | Create | Villager (Male) |
| 21:53 | Create | Villager (Male) |
| 22:22 | Create | Villager (Male) |
| 22:43 | Create | Villager (Male) |
| 22:45 | Create | Villager (Male) |
| 22:56 | Create | Villager (Male) |
| 23:09 | Build | Farm |
| 23:09 | Build | Farm |
| 23:09 | Build | Farm |
| 23:10 | Build | Farm |
| 23:10 | Build | Farm |
| 23:10 | Build | Farm |
| 23:10 | Build | Farm |
| 23:15 | Create | Conquistador |
| 23:25 | Create | Villager (Male) |
| 23:49 | Create | Villager (Male) |
| 23:53 | Create | Conquistador |
| 23:54 | Create | Villager (Male) |
| 24:11 | Create | Villager (Male) |
| 24:22 | Create | Conquistador |
| 24:23 | Create | Villager (Male) |
| 24:28 | Build | Farm |
| 24:28 | Build | Farm |
| 24:29 | Build | Farm |
| 24:29 | Build | Farm |
| 24:29 | Build | Farm |
| 24:30 | Build | Farm |
| 24:37 | Create | Conquistador |
| 24:49 | Create | Villager (Male) |
| 25:02 | Create | Conquistador |
| 25:06 | Build | Outpost |
| 25:16 | Build | Town Center |
| 25:26 | Create | Villager (Male) |
| 25:40 | Create | Villager (Male) |
| 25:41 | Create | Conquistador |
| 25:41 | Create | Villager (Male) |
| 25:47 | Build | Outpost |
| 26:00 | Create | Villager (Male) |
| 26:02 | Create | Conquistador |
| 26:06 | Create | Villager (Male) |
| 26:12 | Research | Gold Mining |
| 26:18 | Build | Farm |
| 26:23 | Create | Villager (Male) |
| 26:31 | Build | Outpost |
| 26:35 | Create | Villager (Male) |
| 26:37 | Create | Villager (Male) |
| 26:38 | Build | Lumber Camp |
| 26:55 | Create | Villager (Male) |
| 26:59 | Create | Villager (Male) |
| 27:01 | Build | House |
| 27:07 | Build | Farm |
| 27:08 | Create | Villager (Male) |
| 27:09 | Build | Farm |
| 27:09 | Build | Farm |
| 27:11 | Create | Villager (Male) |
| 27:14 | Create | Villager (Male) |
| 27:18 | Build | Farm |
| 27:19 | Build | Farm |
| 27:20 | Build | Farm |
| 27:20 | Build | Mill |
| 27:21 | Build | Farm |
| 27:21 | Build | Farm |
| 27:22 | Build | Farm |
| 27:40 | Create | Villager (Male) |
| 27:47 | Create | Villager (Male) |
Build order — HR | Nasho9
First 150 of 1319 actions detected
| 0:16 | Build | Town Center |
| 0:45 | Build | House |
| 1:29 | Build | Dock |
| 2:37 | Create | Villager (Male) |
| 2:37 | Create | Villager (Male) |
| 2:37 | Create | Villager (Male) |
| 2:38 | Create | Villager (Male) |
| 3:39 | Create | Fishing Ship |
| 4:00 | Create | Villager (Male) |
| 4:31 | Build | House |
| 4:39 | Research | Loom |
| 4:57 | Create | Villager (Male) |
| 5:17 | Create | Fishing Ship |
| 5:33 | Create | Villager (Male) |
| 5:58 | Create | Fishing Ship |
| 5:58 | Create | Fishing Ship |
| 6:00 | Build | House |
| 6:04 | Create | Villager (Male) |
| 6:31 | Create | Villager (Male) |
| 6:35 | Create | Fishing Ship |
| 6:47 | Create | Villager (Male) |
| 7:01 | Build | House |
| 7:23 | Create | Villager (Male) |
| 7:27 | Create | Villager (Male) |
| 7:33 | Create | Fishing Ship |
| 7:44 | Create | Villager (Male) |
| 8:03 | Create | Fishing Ship |
| 8:16 | Create | Fishing Ship |
| 8:24 | Build | House |
| 8:29 | Create | Villager (Male) |
| 8:40 | Create | Villager (Male) |
| 8:40 | Create | Villager (Male) |
| 8:54 | Create | Villager (Male) |
| 8:56 | Create | Fishing Ship |
| 9:05 | Create | Villager (Male) |
| 9:20 | Create | Villager (Male) |
| 9:22 | Create | Villager (Male) |
| 9:22 | Create | Villager (Male) |
| 9:33 | Create | Fishing Ship |
| 9:42 | Create | Villager (Male) |
| 10:06 | Build | Mining Camp |
| 10:18 | Create | Villager (Male) |
| 10:37 | Build | House |
| 10:40 | Create | Villager (Male) |
| 10:58 | Create | Fishing Ship |
| 10:59 | Create | Villager (Male) |
| 11:24 | Research | Feudal Age |
| 12:21 | Build | House |
| 12:36 | Create | Villager (Male) |
| 12:42 | Build | Barracks |
| 12:46 | Create | Villager (Male) |
| 13:01 | Create | Villager (Male) |
| 13:20 | Build | Palisade Wall |
| 13:23 | Build | Palisade Wall |
| 13:24 | Build | Palisade Wall |
| 13:34 | Age | Feudal Age |
| 13:40 | Build | Stable |
| 14:19 | Build | Blacksmith |
| 14:53 | Research | Castle Age |
| 14:59 | Create | Scout Cavalry |
| 15:25 | Create | Scout Cavalry |
| 15:38 | Create | Fishing Ship |
| 15:46 | Build | Dock |
| 16:11 | Create | Villager (Male) |
| 16:24 | Research | Scale Barding Armor |
| 16:24 | Research | Scale Barding Armor |
| 16:44 | Build | House |
| 16:47 | Create | Scout Cavalry |
| 17:04 | Create | Fishing Ship |
| 17:05 | Create | Fishing Ship |
| 17:06 | Build | House |
| 17:09 | Research | Tech 906 |
| 17:26 | Build | Lumber Camp |
| 17:33 | Age | Castle Age |
| 17:37 | Create | Knight |
| 17:51 | Create | Knight |
| 17:57 | Create | Villager (Male) |
| 18:05 | Build | Town Center |
| 18:06 | Create | Villager (Male) |
| 18:21 | Create | Knight |
| 18:43 | Create | Knight |
| 19:06 | Create | Villager (Male) |
| 19:07 | Create | Villager (Male) |
| 19:09 | Create | Knight |
| 19:16 | Create | Fishing Ship |
| 19:19 | Create | Fishing Ship |
| 19:20 | Create | Villager (Male) |
| 19:26 | Create | Knight |
| 19:27 | Create | Villager (Male) |
| 19:29 | Build | Outpost |
| 19:34 | Build | Mill |
| 20:43 | Create | Villager (Male) |
| 20:44 | Create | Villager (Male) |
| 20:48 | Create | Knight |
| 20:57 | Create | Villager (Male) |
| 20:57 | Create | Villager (Male) |
| 21:19 | Research | Bloodlines |
| 21:23 | Create | Villager (Male) |
| 21:28 | Build | Town Center |
| 21:37 | Build | Town Center |
| 21:49 | Build | House |
| 21:50 | Build | House |
| 21:57 | Build | House |
| 22:03 | Create | Villager (Male) |
| 22:20 | Create | Villager (Male) |
| 22:30 | Create | Villager (Male) |
| 22:31 | Create | Villager (Male) |
| 22:31 | Create | Villager (Male) |
| 22:31 | Create | Villager (Male) |
| 22:43 | Research | Gillnets |
| 22:45 | Create | Fishing Ship |
| 22:48 | Build | House |
| 23:16 | Create | Villager (Male) |
| 23:16 | Create | Villager (Male) |
| 23:36 | Create | Villager (Male) |
| 23:48 | Build | Farm |
| 23:50 | Research | Horse Collar |
| 23:57 | Build | Farm |
| 24:03 | Build | Farm |
| 24:04 | Build | Farm |
| 24:05 | Build | Farm |
| 24:06 | Build | Farm |
| 24:07 | Build | Farm |
| 24:10 | Build | Farm |
| 24:11 | Build | Farm |
| 24:11 | Build | Farm |
| 24:14 | Build | Farm |
| 24:15 | Create | Villager (Male) |
| 24:15 | Create | Villager (Male) |
| 24:16 | Create | Villager (Male) |
| 24:16 | Create | Villager (Male) |
| 24:22 | Create | Villager (Male) |
| 24:25 | Create | Villager (Male) |
| 24:39 | Create | Villager (Male) |
| 24:50 | Create | Villager (Male) |
| 24:53 | Research | Town Watch |
| 25:05 | Build | Stone Wall |
| 25:06 | Create | Villager (Male) |
| 25:07 | Create | Villager (Male) |
| 25:16 | Create | Villager (Male) |
| 25:22 | Build | Farm |
| 25:24 | Build | Farm |
| 25:29 | Create | Villager (Male) |
| 25:29 | Create | Villager (Male) |
| 25:30 | Create | Villager (Male) |
| 25:30 | Create | Villager (Male) |
| 25:30 | Create | Villager (Male) |
| 25:54 | Build | Dock |
| 25:58 | Create | Fishing Ship |
| 25:58 | Create | Fishing Ship |
Match timeline
| 0:38 | HR itu · first_building Dock |
| 1:06 | HR | RYGE · first_building Dock |
| 1:07 | FMG | Rxon · first_building Dock |
| 1:29 | HR | Nasho9 · first_building Dock |
| 1:39 | HR | RYGE · wall_segment Palisade Wall x1 |
| 1:40 | HR | RYGE · wall_segment Palisade Wall x1 |
| 1:56 | FMG | Sawasha Takohida · wall_segment Palisade Wall x1 |
| 1:57 | FMG | Sawasha Takohida · wall_segment Palisade Wall x1 |
| 1:57 | FMG | GreatMaty · first_building Dock |
| 3:25 | FMG | Sawasha Takohida · first_building Dock |
| 5:55 | FMG | GreatMaty · wall_segment Palisade Wall x1 |
| 10:34 | FMG | Rxon · first_building Barracks |
| 11:39 | FMG | Rxon · wall_segment Palisade Wall x1 |
| 11:41 | FMG | Rxon · wall_segment Palisade Wall x1 |
| 11:48 | FMG | Rxon · wall_segment Palisade Wall x1 |
| 11:51 | FMG | Rxon · wall_segment Palisade Wall x1 |
| 11:56 | HR itu · age_up feudal |
| 12:17 | FMG | Rxon · wall_segment Palisade Wall x1 |
| 12:18 | HR | RYGE · first_building Barracks |
| 12:19 | FMG | Rxon · wall_segment Palisade Wall x1 |
| 12:21 | FMG | Rxon · age_up feudal |
| 12:25 | FMG | Rxon · wall_segment Palisade Wall x1 |
| 12:27 | FMG | Rxon · wall_segment Palisade Wall x1 |
| 12:30 | FMG | Rxon · wall_segment Palisade Wall x1 |
| 12:33 | FMG | Rxon · first_building Archery Range |
| 12:42 | HR | Nasho9 · first_building Barracks |
| 12:46 | FMG | Rxon · wall_segment Palisade Wall x1 |
| 12:48 | FMG | Sawasha Takohida · age_up feudal |
| 12:49 | FMG | Rxon · wall_segment Palisade Wall x1 |
| 12:50 | FMG | Rxon · wall_segment Palisade Wall x1 |
| 12:52 | FMG | Rxon · wall_segment Palisade Wall x1 |
| 13:03 | HR | RYGE · age_up feudal |
| 13:12 | FMG | GreatMaty · age_up feudal |
| 13:20 | HR | Nasho9 · wall_segment Palisade Wall x1 |
| 13:23 | HR | Nasho9 · wall_segment Palisade Wall x1 |
| 13:24 | HR | Nasho9 · wall_segment Palisade Wall x1 |
| 13:34 | HR | Nasho9 · age_up feudal |
| 13:40 | HR | Nasho9 · first_building Stable |
| 13:49 | FMG | GreatMaty · wall_segment Palisade Wall x1 |
| 13:51 | FMG | GreatMaty · wall_segment Palisade Wall x1 |
| 13:51 | FMG | GreatMaty · wall_segment Palisade Wall x1 |
| 15:23 | HR | RYGE · first_building Stable |
| 16:18 | FMG | Sawasha Takohida · age_up castle |
| 16:43 | FMG | GreatMaty · age_up castle |
| 16:43 | FMG | GreatMaty · first_market_buy 100 stone |
| 17:00 | FMG | Rxon · wall_segment Palisade Wall x6 |
| 17:07 | FMG | GreatMaty · wall_segment Palisade Wall x1 |
| 17:12 | HR | RYGE · wall_segment Palisade Wall x11 |
| 17:18 | FMG | Sawasha Takohida · first_building Castle |
| 17:19 | FMG | Rxon · wall_segment Palisade Wall x4 |
| 17:24 | FMG | GreatMaty · first_building Castle |
| 17:33 | HR | Nasho9 · age_up castle |
| 17:57 | HR | RYGE · wall_segment Palisade Wall x10 |
| 18:05 | FMG | Rxon · wall_segment Palisade Wall x1 |
| 18:07 | FMG | Rxon · wall_segment Palisade Wall x1 |
| 18:08 | FMG | Rxon · wall_segment Palisade Wall x1 |
| 18:11 | FMG | Rxon · wall_segment Palisade Wall x1 |
| 18:39 | HR itu · age_up castle |
| 18:59 | FMG | Sawasha Takohida · first_market_buy 100 food |
| 18:59 | HR | RYGE · age_up castle |
| 19:02 | HR | RYGE · wall_segment Palisade Wall x11 |
| 19:26 | FMG | Rxon · wall_segment Palisade Wall x6 |
| 19:29 | FMG | Rxon · wall_segment Palisade Wall x2 |
| 19:34 | FMG | Rxon · wall_segment Palisade Wall x1 |
| 19:50 | FMG | Rxon · wall_segment Palisade Wall x1 |
| 19:52 | FMG | Rxon · wall_segment Palisade Wall x1 |
| 19:54 | FMG | Rxon · wall_segment Palisade Wall x1 |
| 19:57 | FMG | Sawasha Takohida · first_building Monastery |
| 20:06 | FMG | GreatMaty · first_market_sell 100 wood |
| 20:17 | FMG | Sawasha Takohida · first_market_sell 100 wood |
| 20:21 | HR itu · first_market_buy 100 wood |
| 20:36 | HR | RYGE · first_market_buy 100 food |
| 21:01 | FMG | Rxon · wall_segment Palisade Wall x1 |
| 21:57 | HR itu · first_building Barracks |
| 22:00 | FMG | Rxon · age_up castle |
| 22:38 | HR itu · first_building Archery Range |
| 24:30 | FMG | Rxon · wall_segment Palisade Wall x1 |
| 24:31 | FMG | Rxon · wall_segment Palisade Wall x2 |
| 25:05 | HR | Nasho9 · wall_segment Stone Wall x11 |
| 25:18 | FMG | Rxon · wall_segment Palisade Wall x1 |
| 25:47 | FMG | Rxon · wall_segment Palisade Wall x1 |
| 26:22 | HR | Nasho9 · wall_segment Stone Wall x1 |
| 26:32 | FMG | Rxon · wall_segment Palisade Wall x1 |
| 26:43 | HR | Nasho9 · wall_segment Stone Wall x1 |
| 26:45 | FMG | GreatMaty · first_building Siege Workshop |
| 26:48 | FMG | Rxon · first_market_sell 100 wood |
| 26:48 | FMG | Rxon · first_market_buy 100 stone |
| 26:55 | HR | Nasho9 · wall_segment Stone Wall x9 |
| 26:56 | HR | Nasho9 · wall_segment Stone Wall x1 |
| 27:02 | HR | RYGE · wall_segment Palisade Wall x1 |
| 27:03 | FMG | Rxon · first_building Castle |
| 27:20 | HR | RYGE · wall_segment Palisade Wall x1 |
| 27:25 | HR | Nasho9 · wall_segment Stone Wall x1 |
| 27:46 | HR | RYGE · wall_segment Stone Wall x9 |
| 27:52 | HR | Nasho9 · wall_segment Stone Wall x8 |
| 28:30 | HR itu · first_market_sell 100 wood |
| 28:37 | HR itu · first_building Monastery |
| 30:17 | HR | Nasho9 · first_building Siege Workshop |
| 30:25 | FMG | Rxon · first_building Siege Workshop |
| 30:30 | FMG | Rxon · wall_segment Palisade Wall x18 |
| 31:25 | FMG | Sawasha Takohida · first_building Barracks |
| 31:46 | HR | RYGE · wall_segment Stone Wall x1 |
| 31:48 | FMG | Rxon · wall_segment Palisade Wall x1 |
| 32:06 | HR | RYGE · wall_segment Stone Wall x1 |
| 32:11 | FMG | Rxon · wall_segment Palisade Wall x1 |
| 32:12 | HR itu · first_building Stable |
| 32:13 | FMG | Sawasha Takohida · wall_segment Stone Wall x4 |
| 32:15 | HR | Nasho9 · first_building Castle |
| 32:23 | HR itu · age_up imperial |
| 32:51 | FMG | Sawasha Takohida · first_building Stable |
| 33:18 | FMG | Rxon · age_up imperial |
| 34:06 | HR itu · first_building Castle |
| 34:41 | HR | Nasho9 · age_up imperial |
| 34:56 | FMG | Sawasha Takohida · age_up imperial |
| 36:04 | HR | Nasho9 · first_market_sell 100 food |
| 36:05 | HR | Nasho9 · first_market_buy 100 wood |
| 38:23 | FMG | Rxon · wall_segment Stone Wall x4 |
| 39:05 | HR | RYGE · wall_segment Palisade Wall x1 |
| 39:34 | FMG | Rxon · tribute_sent a jugador 1 |
| 39:34 | FMG | Rxon · tribute_sent a jugador 3 |
| 39:34 | FMG | Rxon · tribute_sent a jugador 4 |
| 39:34 | FMG | Rxon · tribute_sent a jugador 5 |
| 39:34 | FMG | Rxon · tribute_sent a jugador 6 |
| 42:27 | FMG | GreatMaty · wall_segment Stone Wall x7 |
| 42:31 | FMG | GreatMaty · wall_segment Stone Wall x16 |
| 43:41 | FMG | Sawasha Takohida · tribute_sent a jugador 1 |
| 43:41 | FMG | Sawasha Takohida · tribute_sent a jugador 2 |
| 43:41 | FMG | Sawasha Takohida · tribute_sent a jugador 3 |
| 43:41 | FMG | Sawasha Takohida · tribute_sent a jugador 5 |
| 43:41 | FMG | Sawasha Takohida · tribute_sent a jugador 6 |
| 43:50 | FMG | GreatMaty · wall_segment Stone Wall x1 |
| 43:50 | FMG | GreatMaty · wall_segment Stone Wall x1 |
| 44:37 | FMG | GreatMaty · wall_segment Stone Wall x15 |
| 44:37 | FMG | Sawasha Takohida · first_building Siege Workshop |
| 45:18 | HR | RYGE · wall_segment Palisade Wall x1 |
| 45:35 | FMG | Sawasha Takohida · first_building Archery Range |
| 45:59 | FMG | GreatMaty · wall_segment Stone Wall x7 |
| 46:49 | HR | RYGE · first_building Castle |
| 48:34 | FMG | GreatMaty · wall_segment Stone Wall x10 |
| 48:37 | HR itu · tribute_sent a jugador 1 |
| 48:37 | HR itu · tribute_sent a jugador 2 |
| 48:37 | HR itu · tribute_sent a jugador 4 |
| 48:37 | HR itu · tribute_sent a jugador 5 |
| 48:37 | HR itu · tribute_sent a jugador 6 |
| 48:38 | FMG | GreatMaty · age_up imperial |
| 49:32 | FMG | GreatMaty · wall_segment Stone Wall x9 |
| 50:08 | HR itu · wall_segment Stone Wall x5 |
| 50:42 | FMG | GreatMaty · first_building Barracks |
| 50:51 | HR itu · tribute_sent a jugador 1 |
| 50:51 | HR itu · tribute_sent a jugador 2 |
| 50:51 | HR itu · tribute_sent a jugador 4 |
| 50:51 | HR itu · tribute_sent a jugador 5 |
| 50:51 | HR itu · tribute_sent a jugador 6 |
| 51:19 | HR | RYGE · age_up imperial |
| 52:30 | FMG | Rxon · tribute_sent a jugador 1 |
| 52:30 | FMG | Rxon · tribute_sent a jugador 3 |
| 52:30 | FMG | Rxon · tribute_sent a jugador 4 |
| 52:30 | FMG | Rxon · tribute_sent a jugador 5 |
| 52:30 | FMG | Rxon · tribute_sent a jugador 6 |
| 53:19 | FMG | GreatMaty · tribute_sent a jugador 1 |
| 53:19 | FMG | GreatMaty · tribute_sent a jugador 2 |
| 53:19 | FMG | GreatMaty · tribute_sent a jugador 3 |
| 53:19 | FMG | GreatMaty · tribute_sent a jugador 4 |
| 53:19 | FMG | GreatMaty · tribute_sent a jugador 5 |
| 55:50 | FMG | GreatMaty · first_building Stable |
| 56:56 | HR | RYGE · first_building Siege Workshop |
| 57:05 | HR | RYGE · first_market_sell 100 wood |
| 58:16 | FMG | GreatMaty · tribute_sent a jugador 1 |
| 58:16 | FMG | GreatMaty · tribute_sent a jugador 2 |
| 58:16 | FMG | GreatMaty · tribute_sent a jugador 3 |
| 58:16 | FMG | GreatMaty · tribute_sent a jugador 4 |
| 58:16 | FMG | GreatMaty · tribute_sent a jugador 5 |
| 62:28 | HR | RYGE · tribute_sent a jugador 2 |
| 62:28 | HR | RYGE · tribute_sent a jugador 3 |
| 62:28 | HR | RYGE · tribute_sent a jugador 4 |
| 62:28 | HR | RYGE · tribute_sent a jugador 5 |
| 62:28 | HR | RYGE · tribute_sent a jugador 6 |
| 62:36 | HR | RYGE · tribute_sent a jugador 2 |
| 62:36 | HR | RYGE · tribute_sent a jugador 3 |
| 62:36 | HR | RYGE · tribute_sent a jugador 4 |
| 62:36 | HR | RYGE · tribute_sent a jugador 5 |
| 62:36 | HR | RYGE · tribute_sent a jugador 6 |
| 63:21 | FMG | Sawasha Takohida · tribute_sent a jugador 1 |
| 63:21 | FMG | Sawasha Takohida · tribute_sent a jugador 2 |
| 63:21 | FMG | Sawasha Takohida · tribute_sent a jugador 3 |
| 63:21 | FMG | Sawasha Takohida · tribute_sent a jugador 5 |
| 63:21 | FMG | Sawasha Takohida · tribute_sent a jugador 6 |
| 63:41 | FMG | GreatMaty · tribute_sent a jugador 1 |
| 63:41 | FMG | GreatMaty · tribute_sent a jugador 2 |
| 63:41 | FMG | GreatMaty · tribute_sent a jugador 3 |
| 63:41 | FMG | GreatMaty · tribute_sent a jugador 4 |
| 63:41 | FMG | GreatMaty · tribute_sent a jugador 5 |
| 64:52 | FMG | GreatMaty · wall_segment Stone Wall x1 |
| 65:39 | FMG | Rxon · tribute_sent a jugador 1 |
| 65:39 | FMG | Rxon · tribute_sent a jugador 3 |
| 65:39 | FMG | Rxon · tribute_sent a jugador 4 |
| 65:39 | FMG | Rxon · tribute_sent a jugador 5 |
| 65:39 | FMG | Rxon · tribute_sent a jugador 6 |
| 65:59 | HR | RYGE · tribute_sent a jugador 2 |
| 65:59 | HR | RYGE · tribute_sent a jugador 3 |
| 65:59 | HR | RYGE · tribute_sent a jugador 4 |
| 65:59 | HR | RYGE · tribute_sent a jugador 5 |
| 65:59 | HR | RYGE · tribute_sent a jugador 6 |
| 68:25 | HR | RYGE · tribute_sent a jugador 2 |
| 68:25 | HR | RYGE · tribute_sent a jugador 3 |
| 68:25 | HR | RYGE · tribute_sent a jugador 4 |
| 68:25 | HR | RYGE · tribute_sent a jugador 5 |
| 68:26 | HR | RYGE · tribute_sent a jugador 6 |
| 69:32 | HR | RYGE · tribute_sent a jugador 2 |
| 69:32 | HR | RYGE · tribute_sent a jugador 3 |
| 69:32 | HR | RYGE · tribute_sent a jugador 4 |
| 69:32 | HR | RYGE · tribute_sent a jugador 5 |
| 69:32 | HR | RYGE · tribute_sent a jugador 6 |
| 70:35 | FMG | Sawasha Takohida · wall_segment Stone Wall x14 |
| 71:08 | HR | RYGE · first_building Archery Range |
| 71:14 | HR | Nasho9 · first_building Archery Range |
| 71:52 | FMG | Rxon · first_building Monastery |
| 74:29 | HR | RYGE · tribute_sent a jugador 2 |
| 74:29 | HR | RYGE · tribute_sent a jugador 3 |
| 74:29 | HR | RYGE · tribute_sent a jugador 4 |
| 74:29 | HR | RYGE · tribute_sent a jugador 5 |
| 74:29 | HR | RYGE · tribute_sent a jugador 6 |
| 75:44 | FMG | Rxon · tribute_sent a jugador 1 |
| 75:44 | FMG | Rxon · tribute_sent a jugador 3 |
| 75:44 | FMG | Rxon · tribute_sent a jugador 4 |
| 75:44 | FMG | Rxon · tribute_sent a jugador 5 |
| 75:44 | FMG | Rxon · tribute_sent a jugador 6 |
| 76:04 | FMG | Rxon · wall_segment Palisade Wall x1 |
| 76:32 | FMG | Sawasha Takohida · wall_segment Stone Wall x5 |
| 77:52 | FMG | Rxon · first_building Stable |
| 78:40 | HR itu · first_building Siege Workshop |
| 79:22 | FMG | Sawasha Takohida · wall_segment Stone Wall x8 |
| 79:51 | FMG | Rxon · tribute_sent a jugador 1 |
| 79:51 | FMG | Rxon · tribute_sent a jugador 3 |
| 79:51 | FMG | Rxon · tribute_sent a jugador 4 |
| 79:51 | FMG | Rxon · tribute_sent a jugador 5 |
| 79:51 | FMG | Rxon · tribute_sent a jugador 6 |
| 80:53 | HR | Nasho9 · tribute_sent a jugador 1 |
| 80:53 | HR | Nasho9 · tribute_sent a jugador 2 |
| 80:53 | HR | Nasho9 · tribute_sent a jugador 3 |
| 80:53 | HR | Nasho9 · tribute_sent a jugador 4 |
| 80:53 | HR | Nasho9 · tribute_sent a jugador 6 |
| 81:50 | FMG | Rxon · tribute_sent a jugador 1 |
| 81:50 | FMG | Rxon · tribute_sent a jugador 3 |
| 81:50 | FMG | Rxon · tribute_sent a jugador 4 |
| 81:50 | FMG | Rxon · tribute_sent a jugador 5 |
| 81:50 | FMG | Rxon · tribute_sent a jugador 6 |
| 83:16 | FMG | GreatMaty · wall_segment Stone Wall x1 |
| 83:50 | FMG | GreatMaty · tribute_sent a jugador 1 |
| 83:50 | FMG | GreatMaty · tribute_sent a jugador 2 |
| 83:50 | FMG | GreatMaty · tribute_sent a jugador 3 |
| 83:50 | FMG | GreatMaty · tribute_sent a jugador 4 |
| 83:50 | FMG | GreatMaty · tribute_sent a jugador 5 |
| 85:15 | FMG | Rxon · tribute_sent a jugador 1 |
| 85:15 | FMG | Rxon · tribute_sent a jugador 3 |
| 85:15 | FMG | Rxon · tribute_sent a jugador 4 |
| 85:15 | FMG | Rxon · tribute_sent a jugador 5 |
| 85:15 | FMG | Rxon · tribute_sent a jugador 6 |
| 86:39 | FMG | Rxon · tribute_sent a jugador 1 |
| 86:39 | FMG | Rxon · tribute_sent a jugador 3 |
| 86:39 | FMG | Rxon · tribute_sent a jugador 4 |
| 86:39 | FMG | Rxon · tribute_sent a jugador 5 |
| 86:39 | FMG | Rxon · tribute_sent a jugador 6 |
| 86:49 | HR | RYGE · tribute_sent a jugador 2 |
| 86:49 | HR | RYGE · tribute_sent a jugador 3 |
| 86:49 | HR | RYGE · tribute_sent a jugador 4 |
| 86:49 | HR | RYGE · tribute_sent a jugador 5 |
| 86:49 | HR | RYGE · tribute_sent a jugador 6 |
| 86:51 | HR | Nasho9 · tribute_sent a jugador 1 |
| 86:51 | HR | Nasho9 · tribute_sent a jugador 2 |
| 86:51 | HR | Nasho9 · tribute_sent a jugador 3 |
| 86:51 | HR | Nasho9 · tribute_sent a jugador 4 |
| 86:51 | HR | Nasho9 · tribute_sent a jugador 6 |
| 87:23 | HR | RYGE · tribute_sent a jugador 2 |
| 87:23 | HR | RYGE · tribute_sent a jugador 3 |
| 87:23 | HR | RYGE · tribute_sent a jugador 4 |
| 87:23 | HR | RYGE · tribute_sent a jugador 5 |
| 87:23 | HR | RYGE · tribute_sent a jugador 6 |
| 87:49 | FMG | Rxon · tribute_sent a jugador 1 |
| 87:49 | FMG | Rxon · tribute_sent a jugador 3 |
| 87:49 | FMG | Rxon · tribute_sent a jugador 4 |
| 87:49 | FMG | Rxon · tribute_sent a jugador 5 |
| 87:49 | FMG | Rxon · tribute_sent a jugador 6 |
| 88:26 | FMG | Rxon · resign |
[ AI ANALYSIS · 1 CREDIT ]
What really happened in this match?
Wolo.gg analyzes every decision: build order, eco, micro, common mistakes by bracket. Personalized analysis on WhatsApp or Discord in 30 seconds.
Civ guide
Mongols
Perfil
GreatMaty